 Dungeon Crawl Stone Soup version 0.30-a0-364-gf6b3ef1049 (webtiles) character file.

Game seed: 15023853036435833959

6 Persephone the Shooter (level 1, -3/17 HPs)
             Began as a Demigod Hunter on Nov 14, 2022.
             Slain by a quokka (4 damage)
             ... on level 1 of the Dungeon.
             The game lasted 00:00:32 (127 turns).

Persephone the Shooter (Demigod Hunter)              Turns: 127, Time: 00:00:33

Health: -3/17      AC:  3    Str: 12    XL:     1   Next: 60%
Magic:  3/3        EV: 12    Int: 11    God:
Gold:   0          SH:  0    Dex: 17    Spells: 0/0 levels left

rFire   . . .      SeeInvis .    a - +0 shortbow
rCold   . . .      Faith    .    (shield currently unavailable)
rNeg    . . .      Spirit   .    c - +0 leather armour
rPois   .          Reflect  .    (no helmet)
rElec   .          Harm     .    (no cloak)
rCorr   .          Rampage  .    (no gloves)
Will    .....                    (no boots)
Stlth   ++........               (no amulet)
HPRegen 0.22/turn                (no ring)
MPRegen 0.08/turn                (no ring)

@: no status effects
A: high MP 1, forlorn, divine attributes
a: no special abilities


You were on level 1 of the Dungeon.
You visited 1 branch of the dungeon, and saw 1 of its levels.

Inventory:

Hand Weapons
 a - a +0 shortbow (weapon)
Armour
 c - a +0 leather armour (worn)
Scrolls
 b - a scroll of immolation
 d - a scroll of amnesia {unknown}
 e - a scroll of enchant weapon {unknown}


   Skills:
 - Level 1.7 Fighting
 + Level 3.9 Ranged Weapons
 - Level 1.7 Dodging
 - Level 0.8 Stealth


You couldn't memorise any spells.
You didn't know any spells.
Your spell library was empty.

Dungeon Overview and Level Annotations

Branches:
Dungeon (1/15)


Innate Abilities, Weirdness & Mutations

You have an increased reservoir of magic. (+10% MP)
You shall have no god before yourself.
Your divine heritage dramatically boosts your attributes as you level up.


Message History

The quokka bites you but does no damage.
The quokka closely misses you. x2
The quokka bites you. The quokka barely misses you.
The quokka closely misses you. The quokka barely misses you.
The quokka barely misses you. The quokka misses you. The quokka misses you.
The quokka misses you. The quokka closely misses you. The quokka misses you.
The quokka bites you but does no damage.
The quokka misses you. The quokka closely misses you. The quokka bites you.
The quokka bites you but does no damage.
The quokka barely misses you. The quokka closely misses you.
The quokka bites you. The quokka barely misses you.
The quokka bites you but does no damage.
The quokka bites you.
The quokka bites you but does no damage.
The quokka closely misses you. The quokka bites you. The quokka bites you.
* * * LOW HITPOINT WARNING * * *
The quokka bites you.
* * * LOW HITPOINT WARNING * * *
The quokka misses you.
The quokka bites you but does no damage.
The quokka closely misses you. The quokka misses you.
The quokka barely misses you.
The quokka bites you but does no damage.
The quokka bites you.
* * * LOW HITPOINT WARNING * * *
The quokka bites you but does no damage.
The quokka barely misses you.
The quokka twitches its whiskers.
The quokka closely misses you. The quokka bites you.
You die...

♣#.†....†......###......#
.'.##.......#####.......#
♣#.#..#####.###.........#
##.#.##.........#########
#.......###.(########
.....#### ##........(
###### ####..######
#......####
####.####.@r.#
#######....# ####......
........#### .....
######### .... ... .. .


You could see a quokka.

Vanquished Creatures
  2 endoplasms (D:1)
  A hobgoblin (D:1)
  A quokka (D:1)
  A rat (D:1)
5 creatures vanquished.

Notes
Turn   | Place    | Note
-------+----------+-------------------------------------------
     0 | D:1      | Persephone the Demigod Hunter began the quest for the Orb.
     0 | D:1      | Reached XP level 1. HP: 17/17 MP: 3/3
   127 | D:1      | Slain by a quokka

Illustrated notes

Levels and vault maps discovered:
D:1:      tarquinn_simple_flora_water_e, layout_rooms, st_stairs_7

Action                   || total
-------------------------++-------
 Fire: Shortbow          ||    10
Armor: Leather armour    ||     9
Dodge: Dodged            ||    29

Table legend: (Time is in decaauts)
 A = Elapsed time spent in this place.
 B = Non-inter-level travel time spent in this place.
 C = Inter-level travel time spent in this place.
 D = Time resting spent in this place.
 E = Time spent auto-exploring this place.
 F = Levels seen in this place.
 G = Mean time per level.
                   A        B        C        D        E       F      G
               +--------+--------+--------+--------+--------+-----+--------+
         Total |    130 |    130 |      0 |      0 |     65 |   1 |  130.0 |
       Dungeon |    130 |    130 |      0 |      0 |     65 |   1 |  130.0 |
               +--------+--------+--------+--------+--------+-----+--------+

Top non-repeatable levels by time:
     D:1: 130 daAuts
